3A
MT. VERNON BULLS @ CAPE CORAL REEFERS
08/19/2038
 
TOP OF THE 1ST
Mt. Vernon Bulls batting - Pitching for Cape Coral Reefers : RHP Ken Richmond
Pitching: RHP Ken Richmond
Batting: RHB Shawn Mullins 0-0: Ball
1-0: Ball
2-0: Called Strike
2-1: Fly out, F4 (Popup, 23, EV 80.6 MPH)
Batting: RHB Doug Page 0-0: Ball
1-0: Called Strike
1-1: Foul Ball, location: 2F
1-2: Foul Ball, location: 2F
1-2: Fly out, F8 (Flyball, 8LS, EV 91.9 MPH)
Batting: LHB Ramón Torres 0-0: Called Strike
0-1: Ground out 5-3 (Groundball, 5, EV 86.9 MPH)
Top of the 1st over - 0 runs, 0 hits, 0 errors, 0 left on base; Mt. Vernon 0 - Cape Coral 0
BOTTOM OF THE 1ST
Cape Coral Reefers batting - Pitching for Mt. Vernon Bulls : RHP Craig Wash
Pitching: RHP Craig Wash
Batting: LHB Pat Carter 0-0: Ball
1-0: Swinging Strike
1-1: Fly out, F7 (Flyball, 7LS, EV 89.4 MPH)
Batting: LHB Fernando Negrete 0-0: Ground out 4-3 (Groundball, 4, EV 88.8 MPH)
Batting: RHB Sadiya Seth 0-0: Ball
1-0: Ball
2-0: Foul Ball, location: 2F
2-1: Called Strike
2-2: Ball
3-2: Ground out 6-3 (Groundball, 6, EV 87.5 MPH)
Bottom of the 1st over - 0 runs, 0 hits, 0 errors, 0 left on base; Mt. Vernon 0 - Cape Coral 0
TOP OF THE 2ND
Mt. Vernon Bulls batting - Pitching for Cape Coral Reefers : RHP Ken Richmond
Batting: LHB Ben Bullock 0-0: Foul Ball, location: 2F
0-1: Called Strike
0-2: Strikes out looking
Batting: RHB Cyrillo Watson 0-0: Ball
1-0: Swinging Strike
1-1: Ball
2-1: Called Strike
2-2: Foul Ball, location: 2F
2-2: Strikes out looking
Batting: RHB Francisco Ortíz 0-0: Called Strike
0-1: Ball
1-1: Foul Ball, location: 2F
1-2: Ball
2-2: SINGLE (Groundball, 56D, EV 94.4 MPH)
Batting: LHB Rafael Romero 0-0: Foul Ball, location: 2F
0-1: Called Strike
0-2: Ball
1-2: Strikes out swinging
Top of the 2nd over - 0 runs, 1 hit, 0 errors, 1 left on base; Mt. Vernon 0 - Cape Coral 0
BOTTOM OF THE 2ND
Cape Coral Reefers batting - Pitching for Mt. Vernon Bulls : RHP Craig Wash
Batting: RHB Jeff Bowers 0-0: Ball
1-0: Ball
2-0: Ball
3-0: Called Strike
3-1: Base on Balls
Batting: LHB Bob Giles 0-0: DOUBLE (Line Drive, 7LD, EV 99.4 MPH)
Jeff Bowers to third
Batting: RHB Jackson Cluff 0-0: SINGLE (Flyball, 7S, EV 85.0 MPH)
Jeff Bowers scores
Bob Giles to third
Batting: LHB Mike Fisher 0-0: Called Strike
0-1: SINGLE (Groundball, 34D, EV 101.2 MPH)
Bob Giles scores
Jackson Cluff to second
Runner from 2nd tries for 3rd, SAFE, throw by RF made to third
Batting: RHB Jim Robbins 0-0: Ball
1-0: Ground out U3 (Groundball, 3S, EV 90.6 MPH)
Jackson Cluff scores
Mike Fisher to second
Batting: RHB Dave Hill 0-0: Called Strike
0-1: Called Strike
0-2: Ball
1-2: Strikes out looking
Batting: LHB Pat Carter 0-0: Foul Ball, location: 2F
0-1: Fly out, F8 (Flyball, 8RM, EV 76.9 MPH)
Bottom of the 2nd over - 3 runs, 3 hits, 0 errors, 1 left on base; Mt. Vernon 0 - Cape Coral 3
TOP OF THE 3RD
Mt. Vernon Bulls batting - Pitching for Cape Coral Reefers : RHP Ken Richmond
Batting: RHB Mike O'Neill 0-0: Ball
1-0: Ground out 6-3 (Groundball, 6D, EV 106.2 MPH)
Batting: RHB John Polk 0-0: Ball
1-0: SINGLE (Groundball, 6MD, EV 99.4 MPH)
Batting: RHB Shawn Mullins 0-0: Called Strike
0-1: SINGLE (Groundball, 4M, EV 81.9 MPH) (infield hit)
John Polk to second
Batting: RHB Doug Page 0-0: Ball
1-0: Ball
2-0: Called Strike
2-1: Called Strike
2-2: Strikes out swinging
Batting: LHB Ramón Torres 0-0: Foul Ball, location: 2F
0-1: Ball
1-1: Ball
2-1: Ball
3-1: Ground out 5-3 (Groundball, 56S, EV 80.0 MPH)
Top of the 3rd over - 0 runs, 2 hits, 0 errors, 2 left on base; Mt. Vernon 0 - Cape Coral 3
BOTTOM OF THE 3RD
Cape Coral Reefers batting - Pitching for Mt. Vernon Bulls : RHP Craig Wash
Batting: LHB Fernando Negrete 0-0: Foul Ball, location: 2F
0-1: Ball
1-1: Called Strike
1-2: Ball
2-2: Strikes out swinging
Batting: RHB Sadiya Seth 0-0: Fly out, F7 (Flyball, 7LDF, EV 111.9 MPH)
Batting: RHB Jeff Bowers 0-0: Called Strike
0-1: Foul Ball, location: 2F
0-2: Ball
1-2: Ground out 6-3 (Groundball, 6, EV 80.6 MPH)
Bottom of the 3rd over - 0 runs, 0 hits, 0 errors, 0 left on base; Mt. Vernon 0 - Cape Coral 3
TOP OF THE 4TH
Mt. Vernon Bulls batting - Pitching for Cape Coral Reefers : RHP Ken Richmond
Batting: LHB Ben Bullock 0-0: Ground out 4-3 (Groundball, 4M, EV 82.5 MPH)
Batting: RHB Cyrillo Watson 0-0: Ball
1-0: Foul Ball, location: 2F
1-1: Ball
2-1: SINGLE (Flyball, 78M, EV 91.2 MPH) - OUT at second base trying to stretch hit.
Batting: RHB Francisco Ortíz 0-0: Foul Ball, location: 2F
0-1: Swinging Strike
0-2: Strikes out looking
Top of the 4th over - 0 runs, 1 hit, 0 errors, 0 left on base; Mt. Vernon 0 - Cape Coral 3
BOTTOM OF THE 4TH
Cape Coral Reefers batting - Pitching for Mt. Vernon Bulls : RHP Craig Wash
Batting: LHB Bob Giles 0-0: Swinging Strike
0-1: Swinging Strike
0-2: Foul Ball, location: 2F
0-2: Foul Ball, location: 2F
0-2: Ball
1-2: Ball
2-2: Strikes out swinging
Batting: RHB Jackson Cluff 0-0: Ball
1-0: Called Strike
1-1: Swinging Strike
1-2: Fly out, F9 (Flyball, 9, EV 95.0 MPH)
Batting: LHB Mike Fisher 0-0: Foul Ball, location: 2F
0-1: Foul Ball, location: 2F
0-2: Strikes out swinging
Bottom of the 4th over - 0 runs, 0 hits, 0 errors, 0 left on base; Mt. Vernon 0 - Cape Coral 3
TOP OF THE 5TH
Mt. Vernon Bulls batting - Pitching for Cape Coral Reefers : RHP Ken Richmond
Batting: LHB Rafael Romero 0-0: Ball
1-0: Ball
2-0: Ball
3-0: Called Strike
3-1: Swinging Strike
3-2: Foul Ball, location: 2F
3-2: Strikes out swinging
Batting: RHB Mike O'Neill 0-0: SOLO HOME RUN (Flyball, 7D, EV 98.1 MPH), Distance : 341 ft
Batting: RHB John Polk 0-0: Foul Ball, location: 2F
0-1: Called Strike
0-2: Foul Ball, location: 2F
0-2: Ball
1-2: Ball
2-2: SINGLE (Groundball, 4MD, EV 93.8 MPH)
Batting: RHB Shawn Mullins 0-0: Called Strike
0-1: Foul Ball, location: 2F
0-2: Foul Ball, location: 2F
0-2: Ground out U3 (Groundball, 34, EV 83.8 MPH)
John Polk to second
Batting: RHB Doug Page 0-0: Ball
1-0: SINGLE (Line Drive, 7LS, EV 101.9 MPH)
John Polk to third
Runner from 3rd tries for Home, SAFE, throw by LF to home
Batting: LHB Ramón Torres 0-0: Ball
1-0: Called Strike
1-1: Called Strike
1-2: Foul Ball, location: 2F
1-2: Ground out U3 (Groundball, 34S, EV 71.2 MPH)
Top of the 5th over - 2 runs, 3 hits, 0 errors, 1 left on base; Mt. Vernon 2 - Cape Coral 3
BOTTOM OF THE 5TH
Cape Coral Reefers batting - Pitching for Mt. Vernon Bulls : RHP Craig Wash
Batting: RHB Jim Robbins 0-0: Fly out, F9 (Flyball, 9, EV 90.0 MPH)
Batting: RHB Dave Hill 0-0: Ball
1-0: Swinging Strike
1-1: Ball
2-1: DOUBLE (Line Drive, 5D, EV 96.9 MPH)
Batting: LHB Pat Carter 0-0: Called Strike
0-1: Foul Ball, location: 2F
0-2: Foul Ball, location: 2F
0-2: Ball
1-2: Strikes out swinging
Batting: LHB Fernando Negrete 0-0: Called Strike
0-1: Ball
1-1: Foul Ball, location: 2F
1-2: Ball
2-2: Foul Ball, location: 2F
2-2: Ball
3-2: Foul Ball, location: 2F
3-2: Strikes out swinging
Bottom of the 5th over - 0 runs, 1 hit, 0 errors, 1 left on base; Mt. Vernon 2 - Cape Coral 3
TOP OF THE 6TH
Mt. Vernon Bulls batting - Pitching for Cape Coral Reefers : RHP Ken Richmond
Batting: LHB Ben Bullock 0-0: Ball
1-0: Foul Ball, location: 2F
1-1: Called Strike
1-2: Ball
2-2: Fly out, F9 (Flyball, 9S, EV 83.1 MPH)
Batting: RHB Cyrillo Watson 0-0: Foul Ball, location: 2F
0-1: Ball
1-1: Foul Ball, location: 2F
1-2: Ball
2-2: Fly out, F7 (Flyball, 7D, EV 107.5 MPH)
Batting: RHB Francisco Ortíz 0-0: Ball
1-0: Called Strike
1-1: Ball
2-1: Ball
3-1: Called Strike
3-2: SINGLE (Line Drive, 9S, EV 106.2 MPH)
Batting: LHB Rafael Romero 0-0: Ball
1-0: Fly out, F8 (Flyball, 8RM, EV 90.6 MPH)
Top of the 6th over - 0 runs, 1 hit, 0 errors, 1 left on base; Mt. Vernon 2 - Cape Coral 3
BOTTOM OF THE 6TH
Cape Coral Reefers batting - Pitching for Mt. Vernon Bulls : RHP Craig Wash
Batting: RHB Sadiya Seth 0-0: Swinging Strike
0-1: Fly out, F4 (Line Drive, 4, EV 67.5 MPH)
Batting: RHB Jeff Bowers 0-0: Ball
1-0: Foul Ball, location: 2F
1-1: Ball
2-1: Swinging Strike
2-2: Ball
3-2: Base on Balls
Batting: LHB Bob Giles 0-0: Called Strike
0-1: Ball
1-1: Ball
Jeff Bowers steals 2nd base (no throw)
2-1: Swinging Strike
2-2: Ground out 4-3 (Groundball, 4M, EV 101.2 MPH)
Jeff Bowers to third
Batting: RHB Jackson Cluff 0-0: Ball
1-0: Called Strike
1-1: Swinging Strike
1-2: Strikes out swinging
Bottom of the 6th over - 0 runs, 0 hits, 0 errors, 1 left on base; Mt. Vernon 2 - Cape Coral 3
TOP OF THE 7TH
Mt. Vernon Bulls batting - Pitching for Cape Coral Reefers : RHP Ken Richmond
Batting: RHB Mike O'Neill 0-0: Ball
1-0: Ball
2-0: Called Strike
2-1: Foul Ball, location: 2F
2-2: Ground out 5-3 (Groundball, 5, EV 101.9 MPH)
Batting: RHB John Polk 0-0: Ball
1-0: Foul Ball, location: 2F
1-1: Fly out, F9 (Flyball, 9LM, EV 87.5 MPH)
Batting: RHB Shawn Mullins 0-0: SINGLE (Groundball, P, EV 68.8 MPH) (infield hit)
Pitching: RHP Mariano Bueno
Batting: RHB Doug Page 0-0: Ball
1-0: Ball
Shawn Mullins is caught stealing 2nd base 2-4
Top of the 7th over - 0 runs, 1 hit, 0 errors, 0 left on base; Mt. Vernon 2 - Cape Coral 3
BOTTOM OF THE 7TH
Cape Coral Reefers batting - Pitching for Mt. Vernon Bulls : RHP Craig Wash
Batting: LHB Mike Fisher 0-0: Ball
1-0: Ball
2-0: Called Strike
2-1: Swinging Strike
2-2: Foul Ball, location: 2F
2-2: Strikes out swinging
Batting: RHB Jim Robbins 0-0: Ball
1-0: Foul Ball, location: 2F
1-1: SOLO HOME RUN (Flyball, 7D, EV 102.5 MPH), Distance : 373 ft
Batting: RHB Dave Hill 0-0: Swinging Strike
0-1: Called Strike
0-2: Ball
1-2: Ball
2-2: Strikes out looking
Batting: LHB Pat Carter 0-0: Ball
1-0: Ball
2-0: Ground out 4-3 (Groundball, 4M, EV 105.0 MPH)
Bottom of the 7th over - 1 run, 1 hit, 0 errors, 0 left on base; Mt. Vernon 2 - Cape Coral 4
TOP OF THE 8TH
Mt. Vernon Bulls batting - Pitching for Cape Coral Reefers : RHP Mariano Bueno
Batting: RHB Doug Page 0-0: Ball
1-0: Called Strike
1-1: DOUBLE (Line Drive, 7LS, EV 112.5 MPH)
Batting: LHB Ramón Torres 0-0: Ground out 6-3 (Groundball, 6, EV 83.1 MPH)
Batting: LHB Ben Bullock 0-0: Foul Ball, location: 2F
0-1: Ground out 4-3 (Groundball, 4S, EV 85.6 MPH)
Doug Page to third
Batting: RHB Cyrillo Watson 0-0: Ball
1-0: Foul Ball, location: 2F
1-1: Called Strike
1-2: Foul Ball, location: 2F
1-2: Fly out, F9 (Flyball, 89D, EV 101.2 MPH)
Top of the 8th over - 0 runs, 1 hit, 0 errors, 1 left on base; Mt. Vernon 2 - Cape Coral 4
BOTTOM OF THE 8TH
Cape Coral Reefers batting - Pitching for Mt. Vernon Bulls : RHP Craig Wash
Pitching: RHP Dave Newman
Batting: LHB Fernando Negrete 0-0: Called Strike
0-1: Swinging Strike
0-2: Ball
1-2: Ball
2-2: Ground out 1-3 (Groundball, 23, EV 73.8 MPH)
Batting: RHB Sadiya Seth 0-0: Ground out 5-3 (Groundball, 56, EV 81.2 MPH)
Batting: RHB Jeff Bowers 0-0: Ball
1-0: Ball
2-0: Foul Ball, location: 2F
2-1: SINGLE (Groundball, 34D, EV 110.0 MPH)
Batting: LHB Bob Giles 0-0: Ball
1-0: Ball
2-0: Fielders Choice at 2nd, 6-4 (Groundball, 6, EV 103.1 MPH)
Bottom of the 8th over - 0 runs, 1 hit, 0 errors, 1 left on base; Mt. Vernon 2 - Cape Coral 4
TOP OF THE 9TH
Mt. Vernon Bulls batting - Pitching for Cape Coral Reefers : RHP Mariano Bueno
Pitching: RHP Bill Glenn
Batting: RHB Francisco Ortíz 0-0: Foul Ball, location: 2F
0-1: Foul Ball, location: 2F
0-2: Ball
1-2: Strikes out looking
Batting: LHB Rafael Romero 0-0: Called Strike
0-1: Swinging Strike
0-2: Ball
1-2: Ball
2-2: Ground out 1-3 (Groundball, 13S, EV 75.6 MPH)
Batting: RHB Mike O'Neill 0-0: Called Strike
0-1: Swinging Strike
0-2: Strikes out looking
Top of the 9th over - 0 runs, 0 hits, 0 errors, 0 left on base; Mt. Vernon 2 - Cape Coral 4
Friday, April 17th, 2020 - OOTP Baseball 20.8 Build 74